3L
CAPITAL DISTRICT RED KNIGHTS @ BUCKHEAD BOWTIES
08/30/2029
 
TOP OF THE 1ST
Capital District Red Knights batting - Pitching for Buckhead Bowties : RHP Pompeyo Davalillo
Pitching: RHP Pompeyo Davalillo
Batting: RHB Robert O'Connor 0-0: Called Strike
0-1: Foul Ball, location: 2F
0-2: Ball
1-2: Foul Ball, location: 2F
1-2: SINGLE (Line Drive, 8LM)
Batting: RHB Mario Álvarez 0-0: Ball
1-0: Foul Ball, location: 2F
1-1: Fly out, F5 (Line Drive, 5S)
Batting: RHB Arnold Giroux 0-0: Ball
1-0: Ball
2-0: Called Strike
2-1: SINGLE (Groundball, 15S) (infield hit)
Robert O'Connor to second
Batting: RHB Brandon Cole 0-0: Grounds into double play, 6-4-3 (Groundball, 6)
Top of the 1st over - 0 runs, 2 hits, 0 errors, 1 left on base; Capital District 0 - Buckhead 0
BOTTOM OF THE 1ST
Buckhead Bowties batting - Pitching for Capital District Red Knights : RHP Luis Hernández
Pitching: RHP Luis Hernández
Batting: RHB Mike Burns 0-0: Ball
1-0: Called Strike
1-1: Foul Ball, location: 2F
1-2: Foul Ball, location: 2F
1-2: Ball
2-2: Strikes out looking
Batting: LHB Gregg Young 0-0: Swinging Strike
0-1: Ball
1-1: Foul Ball, location: 2F
1-2: Strikes out swinging
Batting: LHB José Valéncia 0-0: Foul Ball, location: 2F
0-1: TRIPLE (Flyball, 8RXD)
Batting: RHB Vojtech Farkas 0-0: Called Strike
0-1: Ball
1-1: Fly out, F6 (Line Drive, 6)
Bottom of the 1st over - 0 runs, 1 hit, 0 errors, 1 left on base; Capital District 0 - Buckhead 0
TOP OF THE 2ND
Capital District Red Knights batting - Pitching for Buckhead Bowties : RHP Pompeyo Davalillo
Batting: RHB Pedro Álvarez 0-0: Swinging Strike
0-1: Called Strike
0-2: Foul Ball, location: 2F
0-2: Strikes out looking
Batting: RHB Steve Jones 0-0: Called Strike
0-1: Ball
1-1: Swinging Strike
1-2: Ball
2-2: Ball
3-2: Foul Ball, location: 2F
3-2: Foul Ball, location: 2F
3-2: Foul Ball, location: 2F
3-2: Strikes out swinging
Batting: RHB José Paz 0-0: Foul Ball, location: 2F
0-1: Ball
1-1: Foul Ball, location: 2F
1-2: Foul Ball, location: 2F
1-2: Strikes out looking
Top of the 2nd over - 0 runs, 0 hits, 0 errors, 0 left on base; Capital District 0 - Buckhead 0
BOTTOM OF THE 2ND
Buckhead Bowties batting - Pitching for Capital District Red Knights : RHP Luis Hernández
Batting: RHB Todd Sentell 0-0: Called Strike
0-1: Foul Ball, location: 2F
0-2: Ball
1-2: Foul Ball, location: 2F
1-2: SINGLE (Line Drive, 9S)
Batting: RHB Kyle Vandenbrink 0-0: Ball
1-0: SINGLE (Line Drive, 78S)
Todd Sentell to second
Batting: RHB Al Thomas 0-0: Ball
1-0: Fly out, F7 (Flyball, 7)
Batting: RHB Raúl Ruíz 0-0: Ball
1-0: Foul Ball, location: 2F
1-1: Ball
2-1: DOUBLE (Line Drive, 8LXD)
Todd Sentell scores
Kyle Vandenbrink to third
Batting: RHB Mesa Altuve 0-0: Called Strike
0-1: Swinging Strike
0-2: Ball
1-2: Ball
2-2: Ball
3-2: Base on Balls
Batting: RHB Mike Burns 0-0: Foul Ball, location: 2F
0-1: Swinging Strike
0-2: Strikes out looking
Batting: LHB Gregg Young 0-0: Ball
1-0: Called Strike
1-1: Ball
2-1: Ball
3-1: Foul Ball, location: 2F
3-2: Foul Ball, location: 2F
3-2: Foul Ball, location: 2F
3-2: Fly out, F4 (Line Drive, 4)
Bottom of the 2nd over - 1 run, 3 hits, 0 errors, 3 left on base; Capital District 0 - Buckhead 1
TOP OF THE 3RD
Capital District Red Knights batting - Pitching for Buckhead Bowties : RHP Pompeyo Davalillo
Batting: RHB Danilo Mosca 0-0: SINGLE (Flyball, 9LS)
Batting: LHB Arturo Hernández 0-0: Ball
1-0: Foul Ball, location: 2F
1-1: Foul Ball, location: 2F
1-2: Ball
2-2: SINGLE (Groundball, 34D)
Danilo Mosca to second
Runner from 2nd tries for 3rd, SAFE, no throw
Batting: RHB Robert O'Connor 0-0: Called Strike
0-1: Ball
1-1: Ball
2-1: Ball
3-1: Foul Ball, location: 2F
3-2: Strikes out looking
Arturo Hernández is caught stealing 2nd base
Batter strikes out.
Batting: RHB Mario Álvarez 0-0: Ball
1-0: Ball
2-0: Called Strike
2-1: Swinging Strike
2-2: SINGLE (Groundball, 34D)
Danilo Mosca scores
Batting: RHB Arnold Giroux 0-0: Ball
1-0: Foul Ball, location: 2F
1-1: SINGLE (Groundball, 56D)
Mario Álvarez to second
Batting: RHB Brandon Cole 0-0: Swinging Strike
0-1: Foul Ball, location: 2F
0-2: Foul Ball, location: 2F
0-2: Ground out 3-1 (Groundball, 34)
Top of the 3rd over - 1 run, 4 hits, 0 errors, 2 left on base; Capital District 1 - Buckhead 1
BOTTOM OF THE 3RD
Buckhead Bowties batting - Pitching for Capital District Red Knights : RHP Luis Hernández
Batting: LHB José Valéncia 0-0: Ball
1-0: SINGLE (Groundball, 4D)
Batting: RHB Vojtech Farkas 0-0: Ball
1-0: Foul Ball, location: 2F
1-1: Ball
2-1: Foul Ball, location: 2F
2-2: Grounds into double play, 6-4-3 (Groundball, 6)
Batting: RHB Todd Sentell 0-0: Called Strike
0-1: Called Strike
0-2: Strikes out looking
Bottom of the 3rd over - 0 runs, 1 hit, 0 errors, 0 left on base; Capital District 1 - Buckhead 1
TOP OF THE 4TH
Capital District Red Knights batting - Pitching for Buckhead Bowties : RHP Pompeyo Davalillo
Batting: RHB Pedro Álvarez 0-0: Ball
1-0: Ball
2-0: Ball
3-0: Called Strike
3-1: Foul Ball, location: 2F
3-2: Foul Ball, location: 2F
3-2: Foul Ball, location: 2F
3-2: Foul Ball, location: 2F
3-2: Base on Balls
Batting: RHB Steve Jones 0-0: Ball
1-0: Called Strike
1-1: Fielders Choice at 2nd, 6-4 (Groundball, 6M)
Batting: RHB José Paz 0-0: Ball
1-0: Ball
2-0: Called Strike
2-1: Foul Ball, location: 2F
2-2: Ball
Steve Jones steals 2nd base
3-2: Base on Balls
Batting: RHB Danilo Mosca 0-0: Called Strike
0-1: Ball
1-1: Fly out, F8 (Flyball, 8LD)
Batting: LHB Arturo Hernández 0-0: Ball
1-0: Foul Ball, location: 2F
1-1: Fly out, F8 (Flyball, 8RD)
Top of the 4th over - 0 runs, 0 hits, 0 errors, 2 left on base; Capital District 1 - Buckhead 1
BOTTOM OF THE 4TH
Buckhead Bowties batting - Pitching for Capital District Red Knights : RHP Luis Hernández
Batting: RHB Kyle Vandenbrink 0-0: Called Strike
0-1: SINGLE (Line Drive, 56D)
Batting: RHB Al Thomas 0-0: Ball
1-0: Called Strike
1-1: Ball
2-1: Ball
3-1: Fly out, F9 (Flyball, 9LM)
Batting: RHB Raúl Ruíz 0-0: Ball
1-0: Swinging Strike
1-1: Called Strike
1-2: Ball
2-2: Strikes out swinging
Batting: RHB Mesa Altuve 0-0: Swinging Strike
0-1: Ball
1-1: Ball
2-1: Ball
3-1: Fielders Choice at 2nd, 5-4 (Groundball, 56)
Bottom of the 4th over - 0 runs, 1 hit, 0 errors, 1 left on base; Capital District 1 - Buckhead 1
TOP OF THE 5TH
Capital District Red Knights batting - Pitching for Buckhead Bowties : RHP Pompeyo Davalillo
Batting: RHB Robert O'Connor 0-0: Called Strike
0-1: Ball
1-1: Ball
2-1: Fly out, F8 (Flyball, 8RS)
Batting: RHB Mario Álvarez 0-0: Ball
1-0: Swinging Strike
1-1: TRIPLE (Line Drive, 78XD)
Batting: RHB Arnold Giroux 0-0: Fly out, F6 (Flyball, 6D)
Batting: RHB Brandon Cole 0-0: Called Strike
0-1: Swinging Strike
0-2: Ball
1-2: Ball
2-2: Ball
3-2: Foul Ball, location: 2F
3-2: Strikes out looking
Top of the 5th over - 0 runs, 1 hit, 0 errors, 1 left on base; Capital District 1 - Buckhead 1
BOTTOM OF THE 5TH
Buckhead Bowties batting - Pitching for Capital District Red Knights : RHP Luis Hernández
Batting: RHB Mike Burns 0-0: Ball
1-0: Fly out, F8 (Flyball, 8RM)
Batting: LHB Gregg Young 0-0: Ball
1-0: Ball
2-0: Called Strike
2-1: Called Strike
2-2: Strikes out swinging
Batting: LHB José Valéncia 0-0: Ball
1-0: Called Strike
1-1: Ball
2-1: Ground out 3-1 (Groundball, 34S)
Bottom of the 5th over - 0 runs, 0 hits, 0 errors, 0 left on base; Capital District 1 - Buckhead 1
TOP OF THE 6TH
Capital District Red Knights batting - Pitching for Buckhead Bowties : RHP Pompeyo Davalillo
Batting: RHB Pedro Álvarez 0-0: Called Strike
0-1: Ball
1-1: Foul Ball, location: 2F
1-2: Ball
2-2: Foul Ball, location: 2F
2-2: Ball
3-2: Foul Ball, location: 2F
3-2: Fly out, F8 (Flyball, 8RD)
Batting: RHB Steve Jones 0-0: Ball
1-0: Called Strike
1-1: Foul Ball, location: 2F
1-2: Ball
2-2: Ball
3-2: Fly out, F6 (Popup, 56)
Batting: RHB José Paz 0-0: Called Strike
0-1: Ground out 4-3 (Groundball, 4)
Top of the 6th over - 0 runs, 0 hits, 0 errors, 0 left on base; Capital District 1 - Buckhead 1
BOTTOM OF THE 6TH
Buckhead Bowties batting - Pitching for Capital District Red Knights : RHP Luis Hernández
Batting: RHB Vojtech Farkas 0-0: Swinging Strike
0-1: Ball
1-1: Fly out, F9 (Flyball, 9D)
Batting: RHB Todd Sentell 0-0: Fly out, F4 (Line Drive, 4M)
Batting: RHB Kyle Vandenbrink 0-0: Called Strike
0-1: Ball
1-1: Ball
2-1: Called Strike
2-2: Reached on error, E6 (Groundball, 6M)
Batting: RHB Al Thomas 0-0: Ball
1-0: Called Strike
1-1: SINGLE (Groundball, 56D)
Kyle Vandenbrink to second
Batting: RHB Raúl Ruíz 0-0: Called Strike
0-1: Called Strike
0-2: 3-RUN HOME RUN (Flyball, 9D), Distance : 375 ft
Batting: RHB Mesa Altuve 0-0: Ball
1-0: SINGLE (Line Drive, 78M)
Batting: RHB Mike Burns 0-0: Ball
1-0: Called Strike
1-1: Ball
2-1: Foul Ball, location: 2F
2-2: Fielders Choice at 2nd, 6-4 (Groundball, 6)
Bottom of the 6th over - 3 runs, 3 hits, 1 error, 1 left on base; Capital District 1 - Buckhead 4
TOP OF THE 7TH
Capital District Red Knights batting - Pitching for Buckhead Bowties : RHP Pompeyo Davalillo
Batting: RHB Danilo Mosca 0-0: Called Strike
0-1: Swinging Strike
0-2: Ball
1-2: Ground out 4-3 (Groundball, 4D)
Batting: LHB Arturo Hernández 0-0: Ball
1-0: Called Strike
1-1: Swinging Strike
1-2: Ball
2-2: Ball
3-2: Foul Ball, location: 2F
3-2: SINGLE (Groundball, 3D)
Pitching: RHP Kyle Buckman
Batting: RHB Robert O'Connor 0-0: Called Strike
0-1: 2-RUN HOME RUN (Flyball, 7D), Distance : 413 ft
Batting: RHB Mario Álvarez 0-0: Ground out 6-3 (Groundball, 6)
Batting: RHB Arnold Giroux 0-0: Ball
1-0: SINGLE (Groundball, 4) (infield hit)
Batting: RHB Brandon Cole 0-0: Ball
Arnold Giroux steals 2nd base
1-0: Ball
2-0: Fly out, F9 (Flyball, 9)
Top of the 7th over - 2 runs, 3 hits, 0 errors, 1 left on base; Capital District 3 - Buckhead 4
BOTTOM OF THE 7TH
Buckhead Bowties batting - Pitching for Capital District Red Knights : RHP Luis Hernández
Batting: LHB Gregg Young 0-0: Ball
1-0: Swinging Strike
1-1: Fly out, F4 (Line Drive, 4)
Batting: LHB José Valéncia 0-0: Called Strike
0-1: Called Strike
0-2: Foul Ball, location: 2F
0-2: Foul Ball, location: 2F
0-2: Ball
1-2: Ball
2-2: Ground out 1-3 (Groundball, 13S)
Batting: RHB Vojtech Farkas 0-0: Ball
1-0: Foul Ball, location: 2F
1-1: Foul Ball, location: 2F
1-2: Foul Ball, location: 2F
1-2: Ball
2-2: Foul Ball, location: 2F
2-2: SINGLE (Groundball, 6MD)
Pitching: RHP Bob Roth
Pinch Hitting: RHB Richard Jost 0-0: Ball
1-0: SINGLE (Line Drive, 6MD)
Vojtech Farkas to second
Runner from 2nd tries for 3rd, SAFE, throw made to third
Batting: RHB Kyle Vandenbrink 0-0: Ball
1-0: Ball
2-0: Ground out 4-3 (Groundball, 4)
Bottom of the 7th over - 0 runs, 2 hits, 0 errors, 2 left on base; Capital District 3 - Buckhead 4
TOP OF THE 8TH
Capital District Red Knights batting - Pitching for Buckhead Bowties : RHP Kyle Buckman
Now at 3B: Richard Jost
Batting: RHB Pedro Álvarez 0-0: Foul Ball, location: 2F
0-1: Ball
1-1: Foul Ball, location: 2F
1-2: Foul Ball, location: 2F
1-2: Foul Ball, location: 2F
1-2: Ball
2-2: Strikes out looking
Batting: RHB Steve Jones 0-0: Ball
1-0: Called Strike
1-1: Called Strike
1-2: Foul Ball, location: 2F
1-2: Ball
2-2: Ground out 5-3 (Groundball, 5L)
Batting: RHB José Paz 0-0: Ball
1-0: Ball
2-0: Ball
3-0: Called Strike
3-1: SINGLE (Groundball, 34D)
Batting: RHB Danilo Mosca 0-0: Ball
1-0: Ball
2-0: Swinging Strike
2-1: Called Strike
2-2: Strikes out swinging
Top of the 8th over - 0 runs, 1 hit, 0 errors, 1 left on base; Capital District 3 - Buckhead 4
BOTTOM OF THE 8TH
Buckhead Bowties batting - Pitching for Capital District Red Knights : RHP Bob Roth
Batting: RHB Al Thomas 0-0: Ground out U3 (Groundball, 34S)
Batting: RHB Raúl Ruíz 0-0: Called Strike
0-1: Ball
1-1: Fly out, F5 (Line Drive, 6)
Batting: RHB Mesa Altuve 0-0: Swinging Strike
0-1: Called Strike
0-2: Foul Ball, location: 2F
0-2: Strikes out swinging
Bottom of the 8th over - 0 runs, 0 hits, 0 errors, 0 left on base; Capital District 3 - Buckhead 4
TOP OF THE 9TH
Capital District Red Knights batting - Pitching for Buckhead Bowties : RHP Kyle Buckman
Pitching: RHP Tomás Vargas
Batting: LHB Arturo Hernández 0-0: Called Strike
0-1: Ball
1-1: Ball
2-1: Swinging Strike
2-2: Ball
3-2: Foul Ball, location: 2F
3-2: Base on Balls
Batting: RHB Robert O'Connor 0-0: Called Strike
0-1: Ball
1-1: Bunted foul
1-2: Foul Ball, location: 2F
1-2: Strikes out swinging
Batting: RHB Mario Álvarez 0-0: Ball
1-0: Ball
2-0: Ball
3-0: Base on Balls
Arturo Hernández to second
Batting: RHB Arnold Giroux 0-0: Ball
1-0: Swinging Strike
1-1: Fly out, F9 (Flyball, 9)
Batting: RHB Brandon Cole 0-0: Ball
1-0: Ball
2-0: Ball
3-0: Called Strike
3-1: Base on Balls
Arturo Hernández to third
Mario Álvarez to second
Batting: RHB Pedro Álvarez 0-0: Fly out, F8 (Line Drive, 89M)
Top of the 9th over - 0 runs, 0 hits, 0 errors, 3 left on base; Capital District 3 - Buckhead 4
Tuesday, December 19th, 2017 - OOTP Baseball 18.8 Build 76